 Dungeon Crawl Stone Soup version 0.23.2 (webtiles) character file.

Game seed: 15418982965709722734

43 TheAlmogaver the Magician (level 3, -5/25 HPs)
             Began as a Gnoll Wizard on Apr 10, 2019.
             Slain by a gnoll
             ... wielding a +0 halberd
              (17 damage)
             ... on level 2 of the Dungeon.
             The game lasted 00:09:40 (1416 turns).

TheAlmogaver the Magician (Gnoll Wizard)            Turns: 1416, Time: 00:09:41

Health: -5/25      AC:  3    Str:  9    XL:     3   Next: 58%
Magic:  0/11       EV: 13    Int: 21    God:
Gold:   141        SH:  0    Dex: 13    Spells: 5/16 levels left

rFire    . . .     SeeInvis .   o - +0 short sword
rCold    . . .     Gourm    .   (no shield)
rNeg     . . .     Faith    .   c - +0 leather armour
rPois    .         Spirit   .   b - +0 hat
rElec    .         Reflect  .   (no cloak)
rCorr    .         Harm     .   (no gloves)
MR       .....                  (no boots)
Stlth    ++........             (no amulet)
HPRegen  0.08/turn              (no ring)
MPRegen  0.12/turn              (no ring)

@: very slightly contaminated
A: distributed training, fangs 1, strong nose
a: no special abilities


You were on level 2 of the Dungeon.
You were not hungry.

You visited 1 branch of the dungeon, and saw 2 of its levels.

You collected 141 gold pieces.

Inventory:

Hand Weapons
 o - a +0 short sword (weapon)
Missiles
 k - 7 tomahawks (quivered)
Armour
 a - a +0 robe
 b - a +0 hat (worn)
 c - a +0 leather armour (worn)
Scrolls
 e - 3 scrolls of magic mapping {unknown}
 g - 3 scrolls of identify {unknown}
 j - 2 scrolls of remove curse {unknown}
 l - a scroll of noise {unknown}
 n - 2 scrolls of enchant armour {unknown}
Potions
 f - a potion of lignification {unknown}
 h - a potion of curing {unknown}
 i - a potion of haste {unknown}
 m - a potion of might {unknown}
Comestibles
 d - 6 rations
 p - 2 chunks of flesh


   Skills:
 + Level 0.8 Fighting
 + Level 0.8 Short Blades
 + Level 0.8 Long Blades
 + Level 0.8 Axes
 + Level 0.8 Maces & Flails
 + Level 0.8 Polearms
 + Level 0.8 Staves
 + Level 0.8 Slings
 + Level 0.8 Bows
 + Level 0.8 Crossbows
 + Level 0.8 Throwing
 + Level 0.8 Armour
 + Level 4.5 Dodging
 + Level 4.1 Stealth
 + Level 0.8 Shields
 + Level 0.8 Unarmed Combat
 + Level 7.1 Spellcasting
 + Level 2.1 Conjurations
 + Level 0.5 Hexes
 + Level 0.5 Charms
 + Level 2.1 Summonings
 + Level 0.5 Necromancy
 + Level 2.1 Translocations
 + Level 0.5 Transmutations
 + Level 0.5 Fire Magic
 + Level 0.5 Ice Magic
 + Level 0.5 Air Magic
 + Level 0.5 Earth Magic
 + Level 0.5 Poison Magic
 + Level 1.0 Invocations
 + Level 0.8 Evocations


You had 5 spell levels left.
You knew the following spells:

 Your Spells              Type           Power        Failure   Level  Hunger
a - Magic Dart            Conj           ###.         4%          1    None
b - Blink                 Tloc           N/A          8%          2    None
c - Call Imp              Summ           ###.....     8%          2    None
d - Conjure Flame         Conj/Fire      ##......     21%         3    None
e - Mephitic Cloud        Conj/Pois/Air  ##......     22%         3    None

Your spell library contained the following spells:

 Spells                   Type           Power        Failure   Level  Hunger
 Slow                     Hex            #.......     14%         2    None


Dungeon Overview and Level Annotations

Branches:
Dungeon (2/15)

Altars:


Innate Abilities, Weirdness & Mutations

Your experience applies equally to all skills.
You have very sharp teeth.
Your uncanny sense of smell can sniff out nearby items.


Message History

Confirm with . or Enter, or press ? or * to list all spells.
Aiming: Mephitic Cloud (safe; 22% risk of failure)
Press: ? - help, Shift-Dir - straight line, f/p - gnoll
Aim: a gnoll, wielding a +0 halberd (moderately wounded)
You miscast Mephitic Cloud.
Your hair stands on end.
Your crimson imp barely misses the gnoll.
Your crimson imp blinks!
Casting: Mephitic Cloud (safe; 22% risk of failure)
Confirm with . or Enter, or press ? or * to list all spells.
You don't have enough magic to cast that spell.
The gnoll hits you with a +0 halberd!
Your crimson imp closely misses the gnoll.
You closely miss the gnoll. Your bite misses the gnoll.
The gnoll is moderately wounded.
The gnoll hits you with a +0 halberd.
Your crimson imp misses the gnoll.
You hit the gnoll but do no damage.
The gnoll is moderately wounded.
The gnoll hits you with a +0 halberd!
Ouch! That really hurt!
You die...

....#.# #.#.#.....
...#.#####.#.#.....
#....).#.#....... #
#....÷.'.##...... ##.
#......##<....... ..
.... #......##........
#.### #...
#5.....##.#.#.... ....
.#(...##......##........
..#
.....5g@......#####..#..
..# ......5....(..#
#÷.#.. ..#
....g.........# ##....
..# .........######
#.... ..# .........#
#÷.#. ..####∆ .........#
#.... ..##.. .........#
#.... ..##.# ^.....!..#
#.... ..##g# #†#..


You could see 2 gnolls and 3 friendly crimson imps.

Vanquished Creatures
  An adder (D:2)
  A worm (D:2)
  2 dart slugs (D:1)
  2 leopard geckos (D:1)
  A giant cockroach (D:1)
  4 goblins
  2 hobgoblins (D:1)
  A jackal (D:1)
  6 bats
  2 frilled lizards (D:2)
  2 kobolds
  A rat (D:1)
25 creatures vanquished.

Vanquished Creatures (collateral kills)
  A worm (D:2)
  4 jackals (D:2)
  A rat (D:2)
6 creatures vanquished.

Grand Total: 31 creatures vanquished

Notes
Turn   | Place    | Note
-------+----------+-------------------------------------------
     0 | D:1      | TheAlmogaver the Gnoll Wizard began the quest for the Orb.
     0 | D:1      | Reached XP level 1. HP: 13/13 MP: 8/8
     3 | D:1      | Noticed an electric eel
     3 | D:1      | Noticed an electric eel
   279 | D:1      | Reached XP level 2. HP: 19/19 MP: 2/10
   672 | D:2      | Reached XP level 3. HP: 25/25 MP: 8/11
   729 | D:1      | Learned a level 2 spell: Blink
   732 | D:1      | Learned a level 2 spell: Call Imp
   736 | D:1      | Learned a level 3 spell: Conjure Flame
   740 | D:1      | Learned a level 3 spell: Mephitic Cloud
  1260 | D:2      | Reached skill level 1 in Invocations
  1416 | D:2      | Slain by a gnoll

Skill      XL: |  1  2  3 |
---------------+----------+-----
Conjurations   | 2 |  2.1
Summonings     | 2 |  2.1
Translocations | 2 |  2.1
Invocations    | 1 |  1.0
Fighting       | |  0.8
Short Blades   | |  0.8
Long Blades    | |  0.8
Axes           | |  0.8
Maces & Flails | |  0.8
Polearms       | |  0.8
Staves         | |  0.8
Slings         | |  0.8
Bows           | |  0.8
Crossbows      | |  0.8
Throwing       | |  0.8
Armour         | |  0.8
Dodging        | |  4.5
Stealth        | |  4.1
Shields        | |  0.8
Unarmed Combat | |  0.8
Spellcasting   | |  7.1
Hexes          | |  0.5
Charms         | |  0.5
Necromancy     | |  0.5
Transmutations | |  0.5
Fire Magic     | |  0.5
Ice Magic      | |  0.5
Air Magic      | |  0.5
Earth Magic    | |  0.5
Poison Magic   | |  0.5
Evocations     | |  0.8

Action                   || total
-------------------------++-------
Melee: Unarmed           ||     5
       Short sword       ||     3
Throw: Tomahawk          ||     7
 Cast: Magic Dart        ||    53
       Call Imp          ||    17
       Conjure Flame     ||     1
  Eat: Chunk             ||     1
Armor: Leather armour    ||     4
Dodge: Dodged            ||    20
